 Dungeon Crawl Stone Soup version 0.19-a0-706-g03de5d9 (webtiles) character file.

116 tyrsky the Grasshopper (level 5, 0/49 HPs)
             Began as a Naga Warper on June 19, 2016.
             Slain by an iguana (9 damage)
             ... on level 3 of the Dungeon.
             The game lasted 00:04:39 (2512 turns).

tyrsky the Grasshopper (Naga Warper)                Turns: 2512, Time: 00:04:39

Health: 0/49       AC:  8    Str: 14    XL:     5   Next: 1%
Magic:  8/8        EV:  4    Int: 13    God:
Gold:   79         SH:  0    Dex: 11    Spells: 2 memorised, 5 levels left

rFire  . . .     SeeInvis +     a - +0 mace
rCold  . . .     Gourm    .     h - +0 chain mail
rNeg   . . .     Faith    .     (no shield)
rPois  +         Spirit   .     (no helmet)
rElec  .         Dismiss  .     i - +1 cloak
rCorr  .         Reflect  .     (no gloves)
SustAt .         Harm     .     (no barding)
MR     .....                    (no amulet)
Stlth  ..........               (no ring)
                                (no ring)

@: very slow, not resistant to hostile enchantments, extremely unstealthy
A: see invisible, deformed body, poison resistance, slowness 2, slow metabolism
1, spit poison 2, AC +1
a: Spit Poison


You were on level 3 of the Dungeon.
You were very hungry.

You visited 1 branch of the dungeon, and saw 3 of its levels.

You collected 79 gold pieces.

Inventory:

Hand Weapons
 a - a +0 mace (weapon)
Armour
 b - a +0 leather armour
 h - a +0 chain mail (worn)
 i - a +1 cloak (worn)
Scrolls
 d - a scroll of blinking
 e - 2 scrolls of remove curse
 j - a scroll of identify {@*1}
Potions
 g - a potion of haste {unknown}
 l - a potion of ambrosia
 m - a potion of curing
Books
 c - a book of Spatial Translocations

   Spells                             Type                      Level
   a - Apportation                    Translocation                1
   b - Blink                          Translocation                2
   c - Shroud of Golubria             Charms/Translocation         2
   d - Portal Projectile              Translocation                3
   e - Teleport Other                 Translocation                3
   f - Passage of Golubria            Translocation                4
Comestibles
 f - 3 bread rations
 k - a meat ration
 n - a slice of pizza


   Skills:
 + Level 3.0 Fighting
 - Level 2.0 Maces & Flails
 - Level 0.8 Throwing
 + Level 1.9 Armour
 + Level 2.3 Dodging
 + Level 2.1 Unarmed Combat
 - Level 2.0 Spellcasting
 - Level 3.0 Translocations


You had 5 spell levels left.
You knew the following spells:

 Your Spells              Type           Power        Failure   Level  Hunger
a - Apportation           Tloc           #.........   99%         1    ##.....
b - Blink                 Tloc           N/A          100%        2    ###....


Dungeon Overview and Level Annotations

Branches:
Dungeon (3/15)

Altars:
Trog
Yredelemnul

Annotations:
D:2 1 runed door


Innate Abilities, Weirdness & Mutations

You cannot wear boots.
Your serpentine skin is tough. (AC +1)
You have supernaturally acute eyesight. (SInv)
Armour fits poorly on your strangely shaped body.
Your system is resistant to poisons. (rPois)
You cover ground very slowly.
You have a slow metabolism.
You can spit poison.


Message History

You closely miss the iguana.
The iguana is severely wounded.
The iguana bites you.
* * * LOW HITPOINT WARNING * * *
You hit the iguana but do no damage.
The iguana is severely wounded.
The iguana bites you but does no damage.
You hit the iguana but do no damage.
The iguana is severely wounded.
The iguana bites you.
* * * LOW HITPOINT WARNING * * *
The iguana bites you but does no damage.
You closely miss the iguana.
The iguana is severely wounded.
The iguana bites you!
* * * LOW HITPOINT WARNING * * *
You hit the iguana.
The iguana is almost dead.
The iguana bites you!
You die...

##### ##...##
##.....##
##<.l....##
#....N....#
............#
###.........#
#............
#........#####
##......##
##.##### #.


You could see an iguana.

Vanquished Creatures
  A human zombie (D:2)
  3 adders (D:2)
  3 worms (D:2)
  4 dart slugs
  A ball python (D:1)
  6 bats
  A giant cockroach (D:2)
  4 goblins
  2 hobgoblins (D:1)
  8 jackals
  2 quokkas (D:2)
  3 giant newts
  A goblin zombie (D:2)
  2 kobolds
  A kobold skeleton (D:2)
  A quokka zombie (D:2)
  6 rats
49 creatures vanquished.

Notes
Turn   | Place    | Note
--------------------------------------------------------------
     0 | D:1      | tyrsky the Naga Warper began the quest for the Orb.
     0 | D:1      | Reached XP level 1. HP: 19/19 MP: 3/3
    68 | D:1      | Reached skill level 1 in Armour
   187 | D:1      | Reached XP level 2. HP: 12/26 MP: 5/5
   354 | D:1      | Learned a level 2 spell: Blink
   496 | D:1      | Reached skill level 1 in Unarmed Combat
   737 | D:1      | Reached XP level 3. HP: 28/32 MP: 6/6
   972 | D:2      | Found a bloodstained altar of Trog.
  1629 | D:2      | Reached XP level 4. HP: 33/40 MP: 7/7
  1660 | D:2      | Noticed a human
  1667 | D:2      | Found a runed door.
  1896 | D:2      | Found a basalt altar of Yredelemnul.
  2282 | D:2      | Reached XP level 5. HP: 37/48 MP: 8/8
  2512 | D:3      | Slain by an iguana

Vault maps used:
D:1:      dpeg_arrival_arbitrary_c, minmay_misc_feat_ornament
D:2:      bloody_trog, dk_yredelemnul_ordeal
D:3:      gammafunk_temple_overflow_statue

Skill      XL: |  1  2  3  4  5 |
---------------+----------------+-----
Armour         | 1 |  1.9
Unarmed Combat | 1 2 |  2.1
Dodging        | 2 |  2.3
Fighting       | 3 |  3.0
Maces & Flails | |  2.0
Throwing       | |  0.8
Spellcasting   | |  2.0
Translocations | |  3.0

Action                   |  1- 3 |  4- 6 || total
-------------------------+-------+-------++-------
Melee: Mace              |   121 |    74 ||   195
Throw: Tomahawk          |     5 |       ||     5
  Use: Scroll            |       |     7 ||     7
  Eat: Chunk             |       |     3 ||     3
Armor: Leather armour    |    51 |    19 ||    70
       Chain mail        |       |     4 ||     4
Dodge: Dodged            |    78 |    31 ||   109
